 Dungeon Crawl Stone Soup version 0.26.1-11-gd32895ea62 (webtiles) character file.

Game seed: 8705775302599763205

112 hawla the Conjurer (level 4, -3/24 HPs)
             Began as a Deep Elf Conjurer on May 11, 2021.
             Killed by nerve-wracking pain
             ... invoked by an orc priest
              (9 damage)
             ... on level 2 of the Dungeon.
             The game lasted 00:05:01 (2303 turns).

hawla the Conjurer (Deep Elf Conjurer)              Turns: 2303, Time: 00:05:02

Health: -3/24      AC:  2    Str:  4    XL:     4   Next: 64%
Magic:  2/12       EV: 13    Int: 24    God:
Gold:   94         SH:  0    Dex: 13    Spells: 4/11 levels left

rFire    + . .     SeeInvis .   (no weapon)
rCold    . . .     Faith    .   (no shield)
rNeg     . . .     Spirit   .   h - +0 robe {rF+}
rPois    .         Reflect  .   (no helmet)
rElec    .         Harm     .   (no cloak)
rCorr    .         Rampage  .   (no gloves)
Will     .....                  (no boots)
Stlth    ++........             (no amulet)
HPRegen  0.08/turn              e - ring of wizardry
MPRegen  0.13/turn              (no ring)

@: attractive
A: no striking features
a: no special abilities


You were on level 2 of the Dungeon.
You visited 1 branch of the dungeon, and saw 3 of its levels.

You collected 94 gold pieces.

Inventory:

Missiles
 d - 20 poisoned darts
 g - 7 silver javelins
Armour
 h - a +0 robe of fire resistance (worn)
Jewellery
 e - a ring of wizardry (left hand)
 i - an uncursed ring of ice {unknown}
Scrolls
 a - a scroll of identify {unknown}
 j - a scroll of noise {unknown}
 k - a scroll of magic mapping
Potions
 f - a potion of curing


   Skills:
 + Level 0.9 Fighting
 + Level 3.0 Dodging
 + Level 3.1 Stealth
 * Level 4.1 Spellcasting
 * Level 4.9 Conjurations
 * Level 1.9 Translocations


You had 4 spell levels left.
You knew the following spells:

 Your Spells              Type           Power        Failure   Level
a - Magic Dart            Conj           100%         1%          1
b - Searing Ray           Conj           56%          1%          2
c - Iskenderun's Mystic   Conj/Tloc      21%          9%          4

Your spell library contained the following spells:

 Spells                   Type           Power        Failure   Level
 Dazzling Flash           Conj/Hex       32%          4%          3
 Fulminant Prism          Conj/Hex       8%           14%         4


Dungeon Overview and Level Annotations

Branches:
Dungeon (3/15)

Altars:
Ashenzari
Elyvilon


Message History

You completely miss the orc priest.
The orc priest is severely wounded.
The orc priest hits you.
You closely miss the orc priest.
The orc priest is severely wounded.
The orc priest closely misses you.
You closely miss the orc priest.
The orc priest is severely wounded.
The orc priest closely misses you.
You barely miss the orc priest.
The orc priest is severely wounded.
The orc priest invokes the aid of Beogh against you.
Beogh smites you!
Ouch! That really hurt!
* * * LOW HITPOINT WARNING * * *
You barely miss the orc priest.
The orc priest is severely wounded.
The orc priest calls down the wrath of Beogh upon you.
Pain shoots through your body!
You die...

######## #......# #......#
#......# ####### #.)....# ......#
#......# #####.# #..@...# #.#
##..o.## #.# #....# # #.# #....#
# #.# #....# # #.# #....#
#####.#########....##############
...........................>.....
.........####.#.###########.#####


You could see an orc priest.

Vanquished Creatures
  5 adders
  An ooze (D:1)
  3 dart slugs
  4 orcs (D:3)
  3 giant cockroaches
  10 goblins
  6 hobgoblins
  2 jackals (D:2)
  5 kobolds
  5 bats
  3 frilled lizards (D:1)
  8 rats
55 creatures vanquished.

Vanquished Creatures (others)
  A quokka (D:3)
1 creature vanquished.

Grand Total: 56 creatures vanquished

Notes
Turn   | Place    | Note
-------+----------+-------------------------------------------
     0 | D:1      | hawla the Deep Elf Conjurer began the quest for the Orb.
     0 | D:1      | Reached XP level 1. HP: 10/10 MP: 6/6
   262 | D:1      | Reached XP level 2. HP: 15/15 MP: 6/8
   265 | D:1      | Learned a level 2 spell: Searing Ray
   607 | D:1      | Reached skill level 1 in Translocations
   776 | D:1      | Reached XP level 3. HP: 20/20 MP: 3/10
  1428 | D:2      | Reached XP level 4. HP: 20/24 MP: 6/11
  1433 | D:2      | Learned a level 4 spell: Iskenderun's Mystic Blast
  1586 | D:2      | Found a broken altar of Ashenzari.
  2200 | D:3      | Found a white marble altar of Elyvilon.
  2295 | D:2      | HP: 1/24 [orc priest/divine providence (16)]
  2303 | D:2      | Killed from afar by an orc priest

Illustrated notes

Levels and vault maps discovered:
D:1:      mushboom_english_gardens, layout_rooms
D:2:      layout_basic, lemuel_doored_altar
D:3:      layout_basic, elyvilon_altar_4

Skill      XL: |  1  2  3  4 |
---------------+-------------+-----
Translocations | 1 |  1.9
Stealth        | 3 |  3.1
Spellcasting   | 4 |  4.1
Dodging        | 3 |  3.0
Fighting       | |  0.9
Conjurations   | |  4.9

Action                   |  1- 3 |  4- 6 || total
-------------------------+-------+-------++-------
Melee: Unarmed           |     4 |    12 ||    16
 Cast: Magic Dart        |    30 |     4 ||    34
       Searing Ray       |    18 |     9 ||    27
       Iskenderun's Myst |       |     2 ||     2
  Use: Scroll            |     1 |     3 ||     4
       Potion            |       |     3 ||     3
 Stab: Sleeping          |     1 |       ||     1
Armor: Robe              |     1 |     3 ||     4
Dodge: Dodged            |     7 |     9 ||    16
